 Dungeon Crawl Stone Soup version 0.28.0-43-g3370ac3207 (webtiles) character file.

Game seed: 16727173137758065077

79 croobank the Sneak (level 4, 0/28 HPs)
             Began as an Octopode Fire Elementalist on Mar 17, 2022.
             Slain by a gnoll
             ... wielding a +0 flail
              (10 damage)
             ... on level 2 of the Dungeon.
             The game lasted 00:03:57 (2167 turns).

croobank the Sneak (Octopode Fire Elementalist)     Turns: 2167, Time: 00:03:58

Health: 0/28       AC:  1    Str:  7    XL:     4   Next: 37%
Magic:  2/7        EV: 13    Int: 19    God:
Gold:   31         SH:  0    Dex: 12    Spells: 4/7 levels left

rFire   . . .      SeeInvis .   a - +0 short sword
rCold   . . .      Faith    .   (no shield)
rNeg    . . .      Spirit   .   (helmet restricted)
rPois   .          Reflect  .   (no amulet)
rElec   .          Harm     .   (no ring)
rCorr   .          Rampage  .   (no ring)
Will    .....                   (no ring)
Stlth   +++.......              (no ring)
HPRegen 0.09/turn               (no ring)
MPRegen 0.10/turn               (no ring)
                                (no ring)
                                (no ring)

@: no status effects
A: almost no armour, amphibious, 8 rings, camouflage 1, gelatinous body 1,
(nimble swimmer 1), tentacles
a: no special abilities


You were on level 2 of the Dungeon.
You visited 1 branch of the dungeon, and saw 2 of its levels.

You collected 31 gold pieces.

Inventory:

Hand Weapons
 a - a +0 short sword (weapon)
 l - a +0 war axe
Missiles
 b - 65 stones
 f - 41 sling bullets
 i - 25 arrows
 k - 3 poisoned darts
Scrolls
 c - a scroll of enchant weapon {unknown}
 d - a scroll of vulnerability {unknown}
 e - a scroll of fear {unknown}
 g - a scroll of teleportation {unknown}
 j - a scroll of identify {unknown}
Potions
 h - 2 potions of curing {unknown}


   Skills:
 + Level 1.0 Fighting
 + Level 2.6 Dodging
 + Level 3.6 Stealth
 + Level 2.4 Spellcasting
 + Level 1.7 Conjurations
 + Level 3.4 Fire Magic


You had 4 spell levels left.
You knew the following spells:

 Your Spells              Type           Power      Damage    Failure   Level
a - Foxfire               Conj/Fire      48%        2x1d6     5%          1
b - Scorch                Fire           30%        2d7       6%          2

Your spell library contained the following spells:

 Spells                   Type           Power      Damage    Failure   Level
 Pain                     Necr           8%         1d4       16%         1
 Sandblast                Erth           4%         2d4       16%         1
 Conjure Flame            Conj/Fire      12%        6-21      17%         3
 Passwall                 Tmut/Erth      1%         N/A       24%         2
 Inner Flame              Hex/Fire       8%         N/A       24%         3
 Stone Arrow              Conj/Erth      10%        3d7       34%         3
 Flame Wave               Conj/Fire      12%        2d6       50%         4
 Agony                    Necr           2%         N/A       99%         5
 Alistair's Intoxication  Tmut/Pois      1%         N/A       99%         5
 Borgnjor's Vile Clutch   Necr/Erth      1%         N/A       99%         5
 Excruciating Wounds      Necr           1%         N/A       99%         5
 Eringya's Noxious Bog    Tmut/Pois      1%         N/A       100%        6


Dungeon Overview and Level Annotations

Branches:
Dungeon (2/15)

Altars:
Ru


Innate Abilities, Weirdness & Mutations

You cannot wear most types of armour.
You are amphibious.
You can wear up to eight rings at the same time.
Your skin changes colour to match your surroundings (Stealth+).
Your rubbery body absorbs attacks. (AC +1, EV +1)
((You are camouflaged when in or above water. (Stealth+)))
You have tentacles for arms and can constrict up to eight enemies at once.


Message History

Casting: Foxfire (safe; 6% risk of failure)
Confirm with . or Enter, or press ? or * to list all spells.
Flames lash the gnoll.
The gnoll is moderately wounded.
The gnoll's fire resistance burns away.
A gnoll comes into view. It is wielding a +0 flail.
Casting: Scorch (safe; 6% risk of failure)
Confirm with . or Enter, or press ? or * to list all spells.
You conjure some foxfire!
The foxfire hits the gnoll.
The gnoll is burned terribly!
The gnoll is severely wounded.
You hit the gnoll but do no damage. You grab the gnoll. You squeeze the gnoll.
You kill the gnoll!
The foxfire hits the gnoll.
The gnoll is moderately wounded.
The gnoll hits you from afar with a +0 spear.
Your Fighting skill increases to level 1!
The gnoll hits you with a +0 spear.
Things that are here:
a +0 club; a gnoll corpse You hit the gnoll but do no damage.
You grab the gnoll. You squeeze the gnoll.
The gnoll is severely wounded.
You constrict the gnoll. The gnoll barely misses you.
You hit the gnoll but do no damage.
The gnoll is severely wounded.
You constrict the gnoll. The gnoll hits you with a +0 spear.
You hit the gnoll but do no damage.
The gnoll is almost dead.
You constrict the gnoll. The gnoll barely misses you.
You hit the gnoll.
You kill the gnoll!
You barely miss the gnoll. You grab the gnoll.
You constrict the gnoll, but do no damage.
The gnoll hits you with a +0 flail!
You barely miss the gnoll. You constrict the gnoll.
The gnoll closely misses you.
You hit the gnoll. You squeeze the gnoll.
The gnoll is moderately wounded.
You constrict the gnoll. The gnoll hits you with a +0 flail!
You die...

######. #. ### #.
#.# ##
#.############
#............##
###
###########.#.###
.....#####
#.###...
....()g@.#
#..#.###
.....###.# #.#.##
### #.# #.#.# #.#
######.#.#
#†###......#.#
#..##.######.####
##.##.# #.....
#.##.# ######
#.##.#


You could see a gnoll.

Vanquished Creatures
  2 adders (D:2)
  3 gnolls (D:2)
  A dart slug (D:2)
  2 bats
  2 endoplasms (D:2)
  A giant cockroach (D:1)
  A goblin (D:2)
  A hobgoblin (D:1)
  4 jackals (D:2)
  A kobold (D:1)
  A quokka (D:1)
  3 ball pythons
  2 frilled lizards (D:1)
  5 rats
29 creatures vanquished.

Vanquished Creatures (others)
  37 foxfires
  A plant (D:1)
38 creatures vanquished.

Grand Total: 67 creatures vanquished

Notes
Turn   | Place    | Note
-------+----------+-------------------------------------------
     0 | D:1      | croobank the Octopode Fire Elementalist began the quest for
                  | the Orb.
     0 | D:1      | Reached XP level 1. HP: 11/11 MP: 3/3
   304 | D:1      | Reached XP level 2. HP: 17/17 MP: 3/5
   307 | D:1      | Learned a level 2 spell: Scorch
  1329 | D:2      | Reached XP level 3. HP: 11/21 MP: 3/6
  1564 | D:2      | Found a sacrificial altar of Ru.
  1603 | D:2      | Found a faded altar of an unknown god.
  2157 | D:2      | Reached XP level 4. HP: 27/27 MP: 4/7
  2160 | D:2      | Reached skill level 1 in Fighting
  2167 | D:2      | Slain by a gnoll

Illustrated notes

Levels and vault maps discovered:
D:1:      dpeg_arrival_arbitrary_c, layout_basic, serial_bayou,
          serial_bayou_shore_b, serial_bayou_lake_a, serial_bayou_crossing,
          serial_bayou_lagoon_a, serial_bayou_lagoon_b
D:2:      layout_loops_ring, chequers_ecumenical_altar_simple_redux,
          basic_altar, nicolae_underground_beach

Skill      XL: |  1  2  3  4 |
---------------+-------------+-----
Stealth        | 3 |  3.6
Fighting       | 1 |  1.0
Dodging        | |  2.6
Spellcasting   | |  2.4
Conjurations   | |  1.7
Fire Magic     | |  3.4

Action                   |  1- 3 |  4- 6 || total
-------------------------+-------+-------++-------
Melee: Short sword       |    21 |     8 ||    29
       Constrict         |     6 |     3 ||     9
       Tentacles         |     6 |     3 ||     9
       Punch             |     1 |       ||     1
 Cast: Foxfire           |    23 |     1 ||    24
       Scorch            |     6 |     1 ||     7
 Stab: Sleeping          |     1 |       ||     1
Armor: Skin              |     2 |       ||     2
Dodge: Dodged            |    14 |     3 ||    17
